[Event "Titled Tuesday Blitz November 01 Late 2022"]
[White "Al Hosani, Omran"]
[Black "Pace, Christopher"]
[WhiteFideId "9308733"]
[BlackFideId "2610167"]
[WhiteElo "2167"]
[BlackElo "2281"]
[Result "1-0"]
[Round "02"]
[TimeControl "180+1"]
[Date "2022.11.02"]
[WhiteClock "0:00:18"]
[BlackClock "0:00:10"]

1. e4 e5 2. Nf3 Nc6 3. d4 exd4 4. Nxd4 Bc5 5. Nf5 g6 6. Be3 Bxe3 7. Nxe3 Nf6 8. Nc3 O-O 9. Qd2 Re8 10. f3 d6 11. O-O-O a6 12. h4 Nh5 13. g4 Ng3 14. Rh2 Nxf1 15. Rxf1 Ne5 16. h5 c6 17. Ng2 Qf6 18. hxg6 fxg6 19. g5 Qe7 20. f4 Rf8 21. Rhh1 Nd7 22. Rd1 Nc5 23. Qxd6 Qxd6 24. Rxd6 Ne6 25. Rh4 Rd8 26. Rxd8+ Nxd8 27. Ne3 Nf7 28. e5 Bf5 29. Ne2 Re8 30. Ng3 Bc8 31. Ne4 Kg7 32. Nf6 Rh8 33. Neg4 h6 34. gxh6+ Nxh6 35. Rxh6 Rxh6 36. Ne8+ Kh7 37. Nxh6 Kxh6 38. Kd2 g5 39. fxg5+ Kxg5 40. Nd6 Be6 41. Nxb7 Kf5 42. Nc5 Bd5 43. Nd3 Bc4 44. Kc3 Bxd3 45. Kxd3 Kxe5 46. Kc4 Kd6 47. Kb4 Kc7 48. Ka5 Kb7 49. b4 Ka7 50. Ka4 Kb6 51. Kb3 Kb5 52. a4+ Kb6 53. Kc4 Kb7 54. Kc5 Kc7 55. c3 Kb7 56. Kd6 Kb6 57. c4 a5 58. bxa5+ Kxa5 59. Kxc6 Kxa4 60. Kb6 1-0


[Site "https://www.chess.com"]

[Event "Titled Tuesday Blitz November 01 Late 2022"]
[White "Ali Abdullahi, Farah"]
[Black "Potapova, Margarita"]
[WhiteFideId "16100212"]
[BlackFideId "14126869"]
[WhiteElo "2298"]
[BlackElo "2150"]
[Result "0-1"]
[Round "02"]
[TimeControl "180+1"]
[Date "2022.11.02"]
[WhiteClock "0:00:16"]
[BlackClock "0:00:53"]

1. d4 d5 2. Nf3 Nf6 3. c4 e6 4. cxd5 exd5 5. Nc3 c6 6. Bg5 Be7 7. e3 Bf5 8. Bd3 Bxd3 9. Qxd3 O-O 10. O-O Nbd7 11. Bxf6 Nxf6 12. Rfe1 Re8 13. e4 dxe4 14. Nxe4 Nd5 15. Nc3 Nf6 16. h3 Bb4 17. a3 Bxc3 18. bxc3 Qa5 19. Ne5 Rad8 20. Qc4 Nd5 21. Qb3 f6 22. Nf3 Qb6 23. Qa2 Kh8 24. c4 Nf4 25. Qc2 Qa5 26. Rxe8+ Rxe8 27. Rb1 b6 28. Ra1 Re2 29. Qc1 Re4 30. Qb1 Re8 31. Qc2 Qh5 32. Qb3 Qg6 33. Nh4 Qg5 34. g3 Nxh3+ 35. Kg2 Nf4+ 36. Kf3 Qh5+ 37. Kxf4 g5+ 38. Kf5 gxh4+ 39. Kf4 h3 40. g4 Qh4 41. Qg3 Qg5+ 42. Kf3 Qd2 43. Rh1 Qe2+ 44. Kf4 Qe4# 0-1


[Site "https://www.chess.com"]

[Event "Titled Tuesday Blitz November 01 Late 2022"]
[White "Amburgy, Ryan"]
[Black "Sanchez, Robert"]
[WhiteFideId "30924820"]
[BlackFideId "2034360"]
[WhiteElo "2121"]
[BlackElo "2404"]
[Result "1-0"]
[Round "02"]
[TimeControl "180+1"]
[Date "2022.11.02"]
[WhiteClock "0:01:17"]
[BlackClock "0:00:02"]

1. Nf3 Nf6 2. c4 e6 3. Nc3 d5 4. e3 Be7 5. b3 O-O 6. Bb2 c5 7. cxd5 exd5 8. d4 Nc6 9. Be2 Bg4 10. dxc5 Bxc5 11. O-O Re8 12. Nb5 Ne4 13. Rc1 Bb6 14. h3 Bh5 15. Nfd4 Bxe2 16. Qxe2 Nxd4 17. Nxd4 Qd7 18. a4 a6 19. Rc2 f5 20. Qf3 Rf8 21. Ba3 Rf6 22. Qf4 Re8 23. Nf3 h6 24. h4 Nxf2 25. Rfxf2 Bxe3 26. Qc7 Qe6 27. Qxb7 f4 28. Bb2 Rg6 29. Bd4 Bxd4 30. Nxd4 Qe1+ 31. Kh2 Rg4 32. Nf3 Qe6 33. Rce2 Qxe2 34. Rxe2 Rxe2 35. Qxd5+ Kh8 36. Qa8+ Kh7 37. Qxa6 Rgxg2+ 38. Kh1 Rgf2 39. Qd3+ Kg8 40. Kg1 Re3 41. Qd5+ Kh7 42. Kxf2 1-0


[Site "https://www.chess.com"]

[Event "Titled Tuesday Blitz November 01 Late 2022"]
[White "Arbunic Castro, Giovanna"]
[Black "Korchmar, Vasiliy"]
[WhiteFideId "3400549"]
[BlackFideId "24131750"]
[WhiteElo "1858"]
[BlackElo "2370"]
[Result "0-1"]
[Round "02"]
[TimeControl "180+1"]
[Date "2022.11.02"]
[WhiteClock "0:00:11"]
[BlackClock "0:01:17"]

1. e4 c5 2. g3 Nc6 3. Bg2 g6 4. Ne2 Bg7 5. c3 e5 6. O-O Nge7 7. d3 O-O 8. Be3 d6 9. d4 cxd4 10. cxd4 d5 11. dxe5 Nxe5 12. exd5 Bg4 13. f4 Nc4 14. Bc1 Nf5 15. Qd3 Nxb2 16. Bxb2 Bxb2 17. Nbc3 Bxa1 18. Rxa1 Re8 19. h3 Bxe2 20. Nxe2 Qf6 21. Rb1 Re3 22. Qd2 Rae8 23. Bf1 Nxg3 24. Nxg3 Rxg3+ 25. Kh2 Rge3 26. Rxb7 Qxf4+ 27. Kh1 Qxf1+ 0-1


[Site "https://www.chess.com"]

[Event "Titled Tuesday Blitz November 01 Late 2022"]
[White "Ardila, Oscar Humberto"]
[Black "Budisavljevic, Luka"]
[WhiteFideId "4404742"]
[BlackFideId "960047"]
[WhiteElo "1898"]
[BlackElo "2424"]
[Result "1/2-1/2"]
[Round "02"]
[TimeControl "180+1"]
[Date "2022.11.02"]
[WhiteClock "0:00:18"]
[BlackClock "0:00:08"]

1. d4 Nf6 2. c4 a6 3. Nc3 c5 4. dxc5 e6 5. Nf3 Bxc5 6. Bg5 O-O 7. e3 h6 8. Bh4 b6 9. Be2 Bb7 10. O-O Be7 11. Qc2 Nc6 12. a3 Rc8 13. Rfd1 Qc7 14. Bg3 d6 15. b4 Nh5 16. Rac1 Nxg3 17. hxg3 Rfd8 18. Qb3 Qb8 19. Nd4 Ne5 20. f4 Nd7 21. Bf3 Nf6 22. e4 Bf8 23. a4 e5 24. Nf5 Qa8 25. Nd5 Bxd5 26. cxd5 Nd7 27. Qe3 Rxc1 28. Rxc1 Rc8 29. Rc3 a5 30. Rxc8 Qxc8 31. bxa5 bxa5 32. Kh2 g6 33. Nh4 Be7 34. Bg4 Qd8 35. Bxd7 Qxd7 36. Nf3 exf4 37. gxf4 Qxa4 38. e5 Qb4 39. e6 f5 40. Qa7 Qxf4+ 41. Kg1 Qc1+ 42. Kh2 Qf4+ 43. Kg1 Kf8 44. Qa8+ Kg7 45. Qxa5 Qc1+ 46. Kh2 Qf4+ 47. Kg1 Qc1+ 48. Kh2 Qf4+ 49. Kg1 1/2-1/2


[Site "https://www.chess.com"]

[Event "Titled Tuesday Blitz November 01 Late 2022"]
[White "Arnold, Ken"]
[Black "Ladan, Nicholas"]
[WhiteFideId "2056836"]
[BlackFideId "30918855"]
[WhiteElo "2321"]
[BlackElo "2167"]
[Result "0-1"]
[Round "02"]
[TimeControl "180+1"]
[Date "2022.11.02"]
[WhiteClock "0:01:03"]
[BlackClock "0:01:04"]

1. d4 d5 2. c4 c6 3. Nf3 Nf6 4. cxd5 cxd5 5. Nc3 Nc6 6. Bf4 a6 7. e3 Bf5 8. Bd3 Bxd3 9. Qxd3 e6 10. O-O Bd6 11. Rfe1 O-O 12. Rac1 Bxf4 13. exf4 Qd6 14. Ne5 Rfc8 15. a3 Ne7 16. Na4 Nf5 17. g3 Rc7 18. Rc5 b6 19. Rc3 Rac8 20. Rec1 b5 21. Nc5 h5 22. a4 b4 23. R3c2 a5 24. b3 Ne4 25. Nxe4 dxe4 26. Qxe4 Rxc2 27. Rxc2 Rxc2 28. Qxc2 Nxd4 29. Qc8+ Kh7 30. Nxf7 Nf3+ 31. Kg2 Qd5 32. Ng5+ Nxg5+ 0-1


[Site "https://www.chess.com"]

[Event "Titled Tuesday Blitz November 01 Late 2022"]
[White "Ashiku, Franc"]
[Black "Galchenko, Matvey"]
[WhiteFideId "4700066"]
[BlackFideId "24175480"]
[WhiteElo "2601"]
[BlackElo "2864"]
[Result "1/2-1/2"]
[Round "02"]
[TimeControl "180+1"]
[Date "2022.11.02"]
[WhiteClock "0:00:09"]
[BlackClock "0:01:03"]

1. d4 Nf6 2. c4 c5 3. d5 e6 4. g3 exd5 5. cxd5 d6 6. Bg2 b5 7. Nf3 g6 8. O-O Bg7 9. e4 Bg4 10. Re1 O-O 11. h3 Bxf3 12. Bxf3 Nbd7 13. a4 a6 14. Bf4 Qb6 15. Nc3 Rfe8 16. Qc2 b4 17. a5 Qc7 18. Nd1 Nxd5 19. Bd2 Ne7 20. Ne3 Ne5 21. Bg2 N5c6 22. Qa4 Bxb2 23. Rab1 Bg7 24. Nd5 Nxd5 25. exd5 Rxe1+ 26. Rxe1 Nd4 27. Re8+ Rxe8 28. Qxe8+ Bf8 29. Bh6 Qe7 30. Qb8 b3 31. Bf1 f6 32. Bxa6 Kf7 33. Bxf8 Qxf8 34. Bc8 b2 35. Be6+ Nxe6 36. dxe6+ Kxe6 37. Qxb2 Qa8 38. Qb6 c4 39. a6 c3 40. Qe3+ Kf7 41. Qxc3 Qxa6 42. Qc7+ Kg8 43. Qd8+ Kf7 44. Qc7+ Ke6 45. Qxh7 Qd3 46. h4 d5 47. Qg8+ Kd6 48. Qd8+ Ke5 49. Qe7+ Kf5 50. Qd7+ Ke4 51. Qe6+ Kd4 52. Qxf6+ Kc5 53. Qe7+ Kb5 54. Qe3 Qd1+ 55. Kg2 Qb1 56. Qe8+ Kc4 57. Qc6+ Kd4 58. Qf6+ Kc5 59. Qe7+ Kc4 60. Qc7+ Kd3 61. Qd6 Kd4 62. Qf6+ Kc5 63. Qe7+ Kc4 64. Qc7+ Kd3 65. Qd6 Kd4 66. Qf6+ 1/2-1/2


[Site "https://www.chess.com"]

[Event "Titled Tuesday Blitz November 01 Late 2022"]
[White "Atanasov, Anthony"]
[Black "Vovk, Orest"]
[WhiteFideId "2623897"]
[BlackFideId "14113490"]
[WhiteElo "2048"]
[BlackElo "2215"]
[Result "1/2-1/2"]
[Round "02"]
[TimeControl "180+1"]
[Date "2022.11.02"]
[WhiteClock "0:00:09"]
[BlackClock "0:00:09"]

1. e4 Nc6 2. e5 d6 3. exd6 Qxd6 4. Nf3 Nf6 5. c3 Bg4 6. h3 Bxf3 7. Qxf3 O-O-O 8. d3 e5 9. Bg5 Be7 10. Nd2 h6 11. Bxf6 gxf6 12. Ne4 Qe6 13. g4 h5 14. Be2 hxg4 15. hxg4 Rxh1+ 16. Qxh1 f5 17. gxf5 Qxf5 18. Qh5 Qxh5 19. Bxh5 f5 20. Ng3 f4 21. Ne4 Rxd3 22. Ke2 Rd8 23. Rh1 Kb8 24. Bf7 a6 25. Rh7 Bd6 26. Bd5 Ne7 27. Bc4 Nc8 28. Be6 Nb6 29. b4 Na4 30. Bb3 Nb6 31. a4 Nc8 32. a5 Na7 33. Ba4 Nb5 34. Bxb5 axb5 35. Kf3 Ka7 36. Kg4 b6 37. Nxd6 Rxd6 38. Rxc7+ Ka6 39. axb6 Kxb6 40. Rc5 Rd2 41. f3 Re2 42. Kf5 Re3 43. Kg4 Re2 44. Kf5 Re3 45. Kg4 Ka6 46. Rc6+ Kb7 47. Re6 Kc7 48. Re8 Kd6 49. Rb8 Kc6 50. Kf5 Rxf3 51. Kxe5 Rf1 52. Ke4 f3 53. Ke3 Rc1 54. Rc8+ Kb6 55. Kxf3 Re1 56. Rc5 Re7 57. Kf4 Re8 58. Kf5 Re3 59. Kf6 Re4 60. Re5 Rc4 61. Re6+ Kc7 62. Re3 Kc6 63. Ke6 Rh4 64. Ke5 Rh5+ 65. Kd4 Rh4+ 66. Re4 Rh3 67. Re5 Rh4+ 68. Kd3 Rh3+ 69. Kc2 Rh2+ 70. Kb3 Rh6 71. Re8 Kb6 72. Rc8 Rg6 73. Rb8+ Kc6 74. Ka3 Rg3 75. Ka2 Rg2+ 76. Kb3 Rg3 77. Kc2 Rg2+ 78. Kd3 Rg3+ 79. Kd4 Rg4+ 80. Ke5 Rg3 81. Kf4 Rh3 82. Ke4 Rh4+ 83. Kd3 Rh3+ 84. Kd2 Rh2+ 85. Ke3 Rh3+ 86. Kf4 Rh4+ 87. Ke5 Rh5+ 88. Ke6 Rh3 89. Rc8+ Kb7 90. Rc5 Kb6 91. Kd7 Rh7+ 92. Kd6 Rh6+ 93. Ke7 Rh7+ 94. Ke6 Rh6+ 95. Kf7 Rh7+ 96. Kg6 Rh3 97. Kg5 Rg3+ 98. Kf4 Rh3 99. Ke4 Rh4+ 100. Kd3 Rh3+ 101. Kd2 Rh2+ 102. Kc1 Rh1+ 103. Kb2 Rh2+ 104. Kb3 Rh3 105. Rf5 1/2-1/2


[Site "https://www.chess.com"]

[Event "Titled Tuesday Blitz November 01 Late 2022"]
[White "Bacrot, Etienne"]
[Black "Ansh M Shah"]
[WhiteFideId "605506"]
[BlackFideId "25033379"]
[WhiteElo "2666"]
[BlackElo "2084"]
[Result "1-0"]
[Round "02"]
[TimeControl "180+1"]
[Date "2022.11.02"]
[WhiteClock "0:00:06"]
[BlackClock "0:00:17"]

1. e4 c6 2. Nf3 d5 3. Nc3 dxe4 4. Nxe4 Nf6 5. Qe2 Bf5 6. Nxf6+ gxf6 7. d3 Nd7 8. g3 e5 9. Bg2 Bg6 10. O-O Bg7 11. Nh4 O-O 12. Be4 Nc5 13. Bf5 Ne6 14. Be3 Nd4 15. Bxd4 Qxd4 16. c3 Qd5 17. Be4 Qd7 18. Qf3 Rad8 19. Nf5 Rfe8 20. h4 Bxf5 21. Bxf5 Qd5 22. Be4 Qe6 23. Kg2 h6 24. a4 a5 25. h5 Rd6 26. Rh1 Red8 27. Rh4 f5 28. Bxf5 Qb3 29. Qe2 Rf6 30. Be4 Kf8 31. Rg4 Rfd6 32. Bf5 Rf6 33. Be4 Rfd6 34. Ra3 Qe6 35. Qf3 Qe7 36. Qf5 Bf6 37. Rb3 Qd7 38. Qf3 Ke7 39. Bf5 Qc7 40. Rc4 Rd5 41. Be4 R5d6 42. Qe2 Kf8 43. Bf5 Qe7 44. Qe3 Bg5 45. Qf3 Rf6 46. Qg4 Qd6 47. Be4 Qd7 48. Qxd7 Rxd7 49. Rc5 Ke7 50. Rxe5+ Kd6 51. Rxa5 Kc7 52. f4 Bxf4 53. gxf4 Rxf4 54. Kg3 Rf6 55. Ra7 Kb8 56. Ra5 Kc7 57. Rf5 Re6 58. Kf4 Red6 59. d4 Re7 60. d5 c5 61. c4 b6 62. Re3 Rd8 63. b3 Rg8 64. Rf3 Rg1 65. Rf6 Re1 66. Bf5 Rg1 67. d6+ 1-0


[Site "https://www.chess.com"]

[Event "Titled Tuesday Blitz November 01 Late 2022"]
[White "Baskakov, Egor"]
[Black "Di Nicolantonio, Lucas"]
[WhiteFideId "24197866"]
[BlackFideId "680460"]
[WhiteElo "2833"]
[BlackElo "2579"]
[Result "1-0"]
[Round "02"]
[TimeControl "180+1"]
[Date "2022.11.02"]
[WhiteClock "0:01:38"]
[BlackClock "0:00:13"]

1. e4 g6 2. g3 Bg7 3. Bg2 d6 4. Ne2 Nf6 5. h3 O-O 6. O-O c5 7. d4 cxd4 8. Nxd4 Nc6 9. Ne2 Bd7 10. Nbc3 Rc8 11. a4 Ne5 12. Nd5 Bc6 13. Ra2 Bxd5 14. exd5 Qc7 15. b3 Ned7 16. c4 Nc5 17. Be3 a5 18. Nd4 Nfd7 19. Re1 Rfe8 20. Rae2 Ne5 21. Nb5 Qd8 22. Rd2 h5 23. Bd4 Ned7 24. Bxg7 Kxg7 25. Rde2 Ne5 26. Re3 Qb6 27. Kh1 Qd8 28. Qd4 Kg8 29. f4 Ned7 30. f5 g5 31. h4 f6 32. hxg5 fxg5 33. Bf3 Nf6 34. Qd2 Qd7 35. Re6 Kf7 36. Qxg5 Rg8 37. Rxf6+ exf6 38. Bxh5+ Kf8 39. Qxf6+ Qf7 40. Qxf7# 1-0


[Site "https://www.chess.com"]

[Event "Titled Tuesday Blitz November 01 Late 2022"]
[White "Bayo Milagro, Alvaro"]
[Black "Xiong, Jeffery"]
[WhiteFideId "22275240"]
[BlackFideId "2047640"]
[WhiteElo "2270"]
[BlackElo "2725"]
[Result "0-1"]
[Round "02"]
[TimeControl "180+1"]
[Date "2022.11.01"]
[WhiteClock "0:00:07"]
[BlackClock "0:00:55"]

1. e4 c5 2. Nf3 d6 3. d4 cxd4 4. Nxd4 Nf6 5. Nc3 a6 6. Be2 e5 7. Nb3 Be7 8. O-O O-O 9. Kh1 Re8 10. a4 Be6 11. f4 exf4 12. Bxf4 Nc6 13. Qe1 Rc8 14. Rd1 Qc7 15. Qg3 Ne5 16. Nd4 Qb6 17. b3 Qc5 18. Nd5 Nxe4 19. Nxe7+ Rxe7 20. Qh4 Ng6 21. Qe1 Nc3 22. Rd3 Nxe2 23. Nxe2 Qxc2 24. Rxd6 Bg4 25. Qd1 Qxd1 26. Rfxd1 Bxe2 27. Rd8+ Re8 0-1


[Site "https://www.chess.com"]

[Event "Titled Tuesday Blitz November 01 Late 2022"]
[White "Bazzano, Sebastian"]
[Black "Petrovic, Aleksa"]
[WhiteFideId "104566"]
[BlackFideId "967629"]
[WhiteElo "2239"]
[BlackElo "2242"]
[Result "0-1"]
[Round "02"]
[TimeControl "180+1"]
[Date "2022.11.02"]
[WhiteClock "0:00:01"]
[BlackClock "0:01:31"]

1. d4 Nf6 2. Bf4 e6 3. e3 c5 4. c3 b6 5. Nd2 Bb7 6. Ngf3 Be7 7. h3 O-O 8. Bd3 Nc6 9. O-O Nd5 10. Bh2 f5 11. a3 Qe8 12. e4 fxe4 13. Nxe4 Nf4 14. Bxf4 Rxf4 15. Re1 Qh5 16. Ne5 Qxd1 17. Raxd1 d5 18. Ng3 cxd4 19. Nxc6 Bxc6 20. Rxe6 Ba4 21. Rde1 Bh4 22. Nh5 Bxf2+ 23. Kh2 Bxe1 24. Nxf4 Bd2 25. Nxd5 dxc3 26. bxc3 Rd8 27. Bc4 Kh8 28. Re2 Bg5 29. Nc7 Bf4+ 30. Kg1 Bxc7 0-1


[Site "https://www.chess.com"]

[Event "Titled Tuesday Blitz November 01 Late 2022"]
[White "Bluebaum, Matthias"]
[Black "Milosevic, Milos"]
[WhiteFideId "24651516"]
[BlackFideId "964875"]
[WhiteElo "2633"]
[BlackElo "2321"]
[Result "1-0"]
[Round "02"]
[TimeControl "180+1"]
[Date "2022.11.02"]
[WhiteClock "0:02:24"]
[BlackClock "0:01:39"]

1. d4 d5 2. c4 c6 3. Nc3 Nf6 4. Nf3 e6 5. Qc2 Bd6 6. e4 dxe4 7. Nxe4 Nxe4 8. Qxe4 Nd7 9. Bd2 Nf6 10. Qc2 O-O 11. Bc3 Re8 12. Bd3 h6 13. O-O-O a5 14. Kb1 Bb4 15. Rhg1 Bxc3 16. Qxc3 Qb6 17. g4 Nd7 18. g5 h5 19. g6 f6 20. Bc2 e5 21. c5 Qc7 22. Bb3+ Kf8 23. Qc4 Nb8 24. Qg8+ Ke7 25. Qxg7+ 1-0


[Site "https://www.chess.com"]

[Event "Titled Tuesday Blitz November 01 Late 2022"]
[White "Bortnyk, Olexandr"]
[Black "Itgelt, Khuyagtsogt"]
[WhiteFideId "14120828"]
[BlackFideId "4902912"]
[WhiteElo "2723"]
[BlackElo "2084"]
[Result "1-0"]
[Round "02"]
[TimeControl "180+1"]
[Date "2022.11.01"]
[WhiteClock "0:01:03"]
[BlackClock "0:00:04"]

1. d4 d5 2. Nc3 Nf6 3. Bf4 e6 4. Nb5 Bb4+ 5. c3 Ba5 6. a4 a6 7. b4 Bxb4 8. cxb4 axb5 9. axb5 Rxa1 10. Qxa1 Qe7 11. Qb1 Nh5 12. Bg3 Nxg3 13. hxg3 h6 14. Nf3 Nd7 15. e3 Nb6 16. Bd3 Bd7 17. O-O Nc4 18. Bxc4 dxc4 19. Qe4 Qxb4 20. Qxb7 O-O 21. Ne5 Bxb5 22. Qxc7 f6 23. Ng6 Rf7 24. Qc8+ Kh7 25. Nf4 Bd7 26. Qc7 g5 27. Nh5 Kg6 28. g4 f5 29. gxf5+ exf5 30. Ng3 Kh7 31. Rc1 Be6 32. Qc6 Qe7 33. d5 Bd7 34. Qxc4 f4 35. d6 Qe6 36. Qxe6 Bxe6 37. Ne4 Kg6 38. Rc7 Rd7 39. Rxd7 Bxd7 40. Nc5 1-0


[Site "https://www.chess.com"]

[Event "Titled Tuesday Blitz November 01 Late 2022"]
[White "Brown, Andrew"]
[Black "Bilan, Danila"]
[WhiteFideId "3206513"]
[BlackFideId "24161918"]
[WhiteElo "2245"]
[BlackElo "2203"]
[Result "1-0"]
[Round "02"]
[TimeControl "180+1"]
[Date "2022.11.02"]
[WhiteClock "0:00:53"]
[BlackClock "0:00:06"]

1. d4 d5 2. c4 c6 3. Nc3 Nf6 4. Nf3 e6 5. Bg5 Nbd7 6. e3 Qa5 7. Nd2 Ne4 8. Ndxe4 dxe4 9. Bf4 Bb4 10. Qc2 O-O 11. Be2 f6 12. O-O Bxc3 13. bxc3 e5 14. Bg3 f5 15. c5 f4 16. Qxe4 fxg3 17. Bc4+ Kh8 18. fxg3 Nf6 19. Bd3 g6 20. Qxe5 Qd8 21. Rf4 Kg7 22. Raf1 Bd7 23. g4 h6 24. g5 hxg5 25. Qxg5 Be8 26. Rh4 Rh8 27. Rxh8 Kxh8 28. Rxf6 Kg7 29. Rxg6+ Bxg6 30. Qxg6+ Kf8 31. Bc4 Qe7 32. Qg8# 1-0


[Site "https://www.chess.com"]

[Event "Titled Tuesday Blitz November 01 Late 2022"]
[White "Burke, Paul"]
[Black "Tan, Ralph"]
[WhiteFideId "2605767"]
[BlackFideId "30966590"]
[WhiteElo "1872"]
[BlackElo "2059"]
[Result "0-1"]
[Round "02"]
[TimeControl "180+1"]
[Date "2022.11.02"]
[WhiteClock "0:00:02"]
[BlackClock "0:00:23"]

1. e4 e6 2. d4 d5 3. e5 c5 4. Qg4 cxd4 5. Nf3 Nc6 6. Bd3 Nge7 7. O-O Nf5 8. Bxf5 exf5 9. Qg3 Be6 10. Bf4 h6 11. h4 Rg8 12. c3 Be7 13. Bxh6 Qb6 14. b3 O-O-O 15. Bf4 dxc3 16. Nxc3 d4 17. Na4 Qb4 18. Rac1 d3 19. Bd2 Qg4 20. Qxg4 fxg4 21. Ng5 Bd5 22. Nc3 f6 23. Nxd5 Rxd5 24. exf6 gxf6 25. Ne4 f5 26. Nc3 Rdd8 27. g3 Bb4 28. Rfe1 Rde8 29. Rxe8+ Rxe8 30. Re1 Rxe1+ 31. Bxe1 Nd4 32. a3 Nf3+ 33. Kf1 Bxa3 34. Nb1 Bf8 35. Bd2 Kd7 36. Bf4 Bg7 37. Nd2 Nd4 38. b4 b5 39. Be3 Nc2 40. Bxa7 Nxb4 41. Nb3 Nd5 0-1


[Site "https://www.chess.com"]

[Event "Titled Tuesday Blitz November 01 Late 2022"]
[White "Cadena M, Gustavo Adolfo"]
[Black "Beerdsen, Thomas"]
[WhiteFideId "4404815"]
[BlackFideId "1030108"]
[WhiteElo "2584"]
[BlackElo "2835"]
[Result "0-1"]
[Round "02"]
[TimeControl "180+1"]
[Date "2022.11.02"]
[WhiteClock "0:00:12"]
[BlackClock "0:01:00"]

1. d4 h6 2. c4 g5 3. Nc3 Bg7 4. h4 g4 5. e4 c5 6. d5 d6 7. Nge2 Nd7 8. h5 Ne5 9. Ng3 Nf6 10. Bf4 a6 11. Qd2 Bd7 12. a4 Qa5 13. Be2 b5 14. cxb5 axb5 15. Nxb5 Qxd2+ 16. Kxd2 O-O 17. Bxe5 dxe5 18. Rhc1 Rfc8 19. b3 e6 20. dxe6 Bxe6 21. Bc4 Nd7 22. Ke2 Ra5 23. Nf5 Bf8 24. Ne3 Nf6 25. Bxe6 fxe6 26. Nc4 Ra6 27. Nxe5 Bg7 28. Ra2 Nxh5 29. Nxg4 Nf4+ 30. Kf1 Nd3 31. Rd1 c4 32. bxc4 Nb4 33. Rad2 h5 34. Ne3 Nc6 35. Rd7 Ne5 36. Rb7 Rxa4 37. Nd6 Rf8 38. g3 Bh6 39. f4 h4 40. Ng4 Nxg4 41. f5 Ne3+ 42. Ke2 Ra2+ 43. Kd3 Nxd1 44. fxe6 Rd2# 0-1


[Site "https://www.chess.com"]

[Event "Titled Tuesday Blitz November 01 Late 2022"]
[White "Castellanos Gomez, Alejandro"]
[Black "Haszon, David"]
[WhiteFideId "22284141"]
[BlackFideId "733610"]
[WhiteElo "2168"]
[BlackElo "2211"]
[Result "1/2-1/2"]
[Round "02"]
[TimeControl "180+1"]
[Date "2022.11.02"]
[WhiteClock "0:00:04"]
[BlackClock "0:00:09"]

1. d4 Nf6 2. Bf4 d5 3. e3 c5 4. c3 Nc6 5. Nd2 e6 6. Ngf3 Bd6 7. Bg3 O-O 8. Bd3 Qe7 9. Ne5 Nd7 10. Nxd7 Qxd7 11. Bxd6 Qxd6 12. dxc5 Qxc5 13. O-O f5 14. Rc1 e5 15. b4 Qd6 16. b5 Ne7 17. c4 e4 18. Be2 d4 19. c5 Qe5 20. Nc4 Qxc5 21. exd4 Qxb5 22. Ne5 Qb6 23. Bc4+ Be6 24. Rb1 Qd6 25. Qb3 Bd5 26. Bxd5+ Qxd5 27. Qxd5+ Nxd5 28. Rxb7 Rab8 29. Rxa7 Rb2 30. Re1 h5 31. g3 Rc8 32. Ra5 Nf6 33. Ng6 Rcc2 34. Rxf5 Ng4 35. Ne7+ Kh7 36. Rxh5+ Nh6 37. Re5 Rxf2 38. R5xe4 Rg2+ 39. Kh1 Rxh2+ 40. Kg1 Rbg2+ 41. Kf1 Rf2+ 42. Kg1 Rxa2 43. Rh4 Rhg2+ 44. Kh1 Rxg3 45. Rg1 Re3 46. Nf5 Re6 47. Nxh6 Rxh6 48. Rxh6+ Kxh6 49. Rd1 Ra6 50. d5 Rd6 51. Kg2 Kg5 52. Kf3 Kf5 53. Kg3 Ke5 54. Kg4 Rg6+ 55. Kh5 Rh6+ 56. Kg5 Rd6 57. Kh5 Kf4 58. Rf1+ Ke4 59. Rf7 g6+ 60. Kg5 Kxd5 61. Rf6 Rd8 62. Rxg6 Re8 63. Kh6 Re6 64. Kg5 Rxg6+ 65. Kxg6 1/2-1/2


[Site "https://www.chess.com"]

[Event "Titled Tuesday Blitz November 01 Late 2022"]
[White "Clawitter, Craig"]
[Black "Hnydiuk, Aleksander"]
[WhiteFideId "2023105"]
[BlackFideId "1109057"]
[WhiteElo "2323"]
[BlackElo "2374"]
[Result "0-1"]
[Round "02"]
[TimeControl "180+1"]
[Date "2022.11.02"]
[WhiteClock "0:00:01"]
[BlackClock "0:00:03"]

1. e4 e6 2. d4 d5 3. e5 c5 4. c3 Nc6 5. Nf3 Qb6 6. a3 Bd7 7. b4 cxd4 8. cxd4 Nge7 9. Be3 Nf5 10. Bd3 Be7 11. O-O f6 12. Bxf5 exf5 13. Nc3 Be6 14. Na4 Qb5 15. exf6 gxf6 16. Re1 Bf7 17. Nc5 Bh5 18. a4 Qc4 19. Nxb7 O-O 20. Rc1 Qxb4 21. Nc5 Bxc5 22. Rxc5 Ne7 23. Rc7 Rac8 24. Bd2 Bxf3 25. gxf3 Qxd2 26. Qxd2 Rxc7 27. Qh6 Ng6 28. Kh1 Rfc8 29. h4 Nf8 30. Rg1+ Kf7 31. Rg7+ Ke6 32. Rxc7 Rxc7 33. Qe3+ Kf7 34. Qf4 Ne6 35. Qd6 Rc1+ 36. Kh2 Rd1 37. Qxd5 Rxd4 38. Qb7+ Kg6 39. h5+ Kh6 40. Qf7 Rh4+ 41. Kg3 f4+ 42. Kg2 Kg5 0-1


[Site "https://www.chess.com"]

[Event "Titled Tuesday Blitz November 01 Late 2022"]
[White "Coelho, Ramyres Santana"]
[Black "D`Arruda, Ricardo D."]
[WhiteFideId "2120690"]
[BlackFideId "100692"]
[WhiteElo "1888"]
[BlackElo "2474"]
[Result "0-1"]
[Round "02"]
[TimeControl "180+1"]
[Date "2022.11.02"]
[WhiteClock "0:00:08"]
[BlackClock "0:00:16"]

1. e4 c5 2. Nf3 Nc6 3. d4 cxd4 4. c3 e5 5. cxd4 exd4 6. Nxd4 Nf6 7. Nc3 Nxd4 8. Qxd4 d6 9. Bc4 Be7 10. O-O O-O 11. f4 Be6 12. Be3 Bxc4 13. Qxc4 Rc8 14. Qd3 a6 15. a4 Qc7 16. Bd4 Qc4 17. Rad1 Qxd3 18. Rxd3 Rc4 19. b3 Rc7 20. Bxf6 Bxf6 21. Nd5 Rc6 22. Nxf6+ gxf6 23. Rfd1 Rd8 24. e5 fxe5 25. fxe5 d5 26. Rxd5 Rxd5 27. Rxd5 Rc3 28. b4 Rc4 29. b5 Rxa4 30. bxa6 bxa6 31. Kf2 Kg7 32. Kf3 Kf8 33. Rd8+ Ke7 34. Rh8 Rh4 35. h3 a5 36. Ra8 Ra4 37. Rh8 Rh4 38. Kg3 Rh5 39. Kf4 Rh4+ 40. Kg5 Re4 41. Kf5 Re2 42. g4 Rf2+ 43. Ke4 Re2+ 44. Kf4 Rf2+ 45. Ke3 Rh2 46. Rxh7 a4 47. g5 Ke6 48. Kf4 a3 49. Rh6+ Kd5 50. Rd6+ Kc5 51. Kg3 a2 52. Ra6 Re2 53. Kf4 Kd5 54. Ra5+ Ke6 55. h4 Rh2 56. Kg3 Re2 57. h5 Rxe5 58. Rxa2 Kf5 59. Kh4 Re4+ 60. Kh3 Kxg5 61. Ra5+ f5 62. h6 Rh4+ 63. Kg3 Rxh6 64. Ra4 Rd6 65. Ra3 Rd4 66. Rf3 Rb4 67. Kh3 Rh4+ 68. Kg3 f4+ 69. Kg2 Rh8 70. Ra3 Rb8 71. Ra5+ Kg4 72. Ra2 Rb3 73. Rf2 Rh3 74. Kg1 Re3 75. Kg2 f3+ 76. Kf1 Rb3 77. Rc2 Kg3 78. Rc1 Rb2 79. Kg1 Rg2+ 80. Kh1 Rh2+ 81. Kg1 f2+ 82. Kf1 Rh1+ 83. Ke2 Rxc1 84. Kd2 f1=Q 0-1


[Site "https://www.chess.com"]

[Event "Titled Tuesday Blitz November 01 Late 2022"]
[White "Constantinou, Peter"]
[Black "Suder, Jakub"]
[WhiteFideId "413038"]
[BlackFideId "1195310"]
[WhiteElo "2230"]
[BlackElo "2174"]
[Result "1-0"]
[Round "02"]
[TimeControl "180+1"]
[Date "2022.11.02"]
[WhiteClock "0:01:43"]
[BlackClock "0:01:51"]

1. e4 c5 2. Nf3 e6 3. g3 Nc6 4. Bg2 Nf6 5. Qe2 Be7 6. O-O O-O 7. e5 Nd5 8. Nc3 Ndb4 9. d3 Nd4 10. Nxd4 cxd4 11. Ne4 Nc6 12. f4 f5 13. Nf2 b6 14. c4 Bb7 15. a3 a5 16. b3 g5 17. fxg5 Bxg5 18. Nh3 Bxc1 19. Raxc1 Kh8 20. Nf4 Rg8 21. Rb1 Qe7 22. b4 axb4 23. axb4 Ra3 24. Qf2 Ba8 25. b5 Nxe5 26. Qxd4 d6 27. Bxa8 Raxa8 28. Rbe1 Qf6 29. Kh1 Ra2 30. Nh5 Qh6 31. Rxe5 dxe5 32. Qxe5+ Rg7 33. g4 Ra7 34. Qb8+ 1-0


[Site "https://www.chess.com"]